 Dungeon Crawl Stone Soup version 0.31.0-32-g396128a36d (webtiles) character file.

Game seed: 15375284628299616224

56 adizb the Magician (level 3, -1/19 HPs)
             Began as a Deep Elf Air Elementalist on Apr 13, 2024.
             Slain by a ribbon worm (7 damage)
             ... on level 2 of the Dungeon.
             The game lasted 00:05:05 (1068 turns).

adizb the Magician (Deep Elf Air Elementalist)      Turns: 1068, Time: 00:05:10

Health: -1/19      AC:  2    Str:  5    XL:     3   Next: 69%
Magic:  0/10       EV: 13    Int: 27    God:
Gold:   31         SH:  0    Dex: 15    Spells: 6/9 levels left

rFire   . . .        e - +0 short sword
rCold   . . .        (no shield)
rNeg    . . .        a - +0 robe
rPois   .            (no helmet)
rElec   .            (no cloak)
rCorr   .            (no gloves)
SInv    .            (no boots)
Will    .....        d - amulet of regeneration
Stlth   ++           g - +6 ring of intelligence
HPRegen 1.03/turn    (no ring)
MPRegen 0.12/turn

%: no passive effects
@: no status effects
A: no striking features
a: no special abilities


You were on level 2 of the Dungeon.
You visited 1 branch of the dungeon, and saw 2 of its levels.

You collected 31 gold pieces.

Inventory:

Hand Weapons
 e - a +0 short sword (weapon)
Armour
 a - a +0 robe (worn)
Jewellery
 d - an amulet of regeneration (around neck)
 g - a +6 ring of intelligence (left hand)
Scrolls
 c - a scroll of vulnerability {unknown}
 j - 2 scrolls of identify {unknown}
Potions
 b - a potion of magic
 f - a potion of brilliance {unknown}
 h - a potion of degeneration {unknown}
 i - a potion of heal wounds {unknown}


   Skills:
 + Level 3.1 Dodging
 + Level 3.2 Stealth
 + Level 3.6 Spellcasting
 + Level 2.0 Conjurations
 + Level 3.3 Air Magic


You had 6 spell levels left.
You knew the following spells:

 Your Spells              Type           Power      Damage    Failure   Level
a - Shock                 Conj/Air       76%        1d7       2%          1
b - Static Discharge      Conj/Air       38%        3-5/arc   4%          2

Your spell library contained the following spells:

 Spells                   Type           Power      Damage    Failure   Level
 Swiftness                Air            23%        N/A       6%          3
 Ensorcelled Hibernation  Hex/Ice        8%         N/A       12%         2
 Airstrike                Air            11%        2d(2-18)  21%         4
 Inner Flame              Hex/Fire       4%         N/A       24%         3
 Passwall                 Erth           4%         N/A       24%         3
 Flame Wave               Conj/Fire      10%        2d6       47%         4
 Sticky Flame             Fire/Alch      4%         2d4       63%         4


Dungeon Overview and Level Annotations

Branches:
Dungeon (2/15)

Altars:


Message History

You now have 31 gold pieces (gained 10).
You closely miss the goblin. You punch the goblin.
The goblin is severely wounded.
The goblin closely misses you.
You hit the goblin.
You kill the goblin!
The ribbon worm expels a string of sticky webbing.
The stream of webbing misses you.
You hit the ribbon worm.
The ribbon worm is lightly wounded.
Casting: Static Discharge (safe; 4% risk of failure)
Press: ? - help, Q - select action, (/) - cycle Dir - look around, f - activate Look: a ribbon worm (lightly wounded, catching its breath)
The ribbon worm is struck by an arc of lightning.
The ribbon worm is lightly wounded.
You are struck by an arc of lightning.
The lightning grounds out.
The ribbon worm misses you.
Casting: Static Discharge (safe; 4% risk of failure)
Press: ? - help, Q - select action, (/) - cycle Dir - look around, f - activate Look: a ribbon worm (lightly wounded, catching its breath)
The ribbon worm is struck by an arc of lightning.
The ribbon worm is moderately wounded.
You are struck by an arc of lightning.
The ribbon worm is struck by an arc of lightning.
The ribbon worm is heavily wounded.
You are struck by an arc of lightning.
The lightning grounds out.
The ribbon worm bites you.
Casting: Static Discharge (safe; 4% risk of failure)
Press: ? - help, Q - select action, (/) - cycle Dir - look around, f - activate Look: a ribbon worm (heavily wounded)
The ribbon worm is struck by an arc of lightning.
The ribbon worm is severely wounded.
You are struck by an arc of lightning.
* * * LOW HITPOINT WARNING * * *
The ribbon worm is struck by an arc of lightning.
The ribbon worm is almost dead.
The lightning grounds out.
The ribbon worm bites you!
You die...

...... # ......#
.... .# ..... ..#. .
#.. .. ##w# ...
##)@#....
##########..#.......
#......[........#...
#......###....[#..#
#..........#..##.###
#......#####..#.. ..
#.....## #.....#..#
#####
#.....#####.#.#....
.....)
#..............)##
#......


You could see a ribbon worm.

Vanquished Creatures
  3 adders (D:2)
  A dart slug (D:1)
  4 bats (D:1)
  4 endoplasms (D:1)
  2 hobgoblins (D:1)
  2 ball pythons (D:1)
  3 frilled lizards (D:1)
  4 goblins
  3 kobolds (D:1)
  3 rats (D:1)
29 creatures vanquished.

Notes
Turn   | Place    | Note
-------+----------+-------------------------------------------
     0 | D:1      | adizb the Deep Elf Air Elementalist began the quest for the
                  | Orb.
     0 | D:1      | Reached XP level 1. HP: 10/10 MP: 6/6
   229 | D:1      | Reached XP level 2. HP: 15/15 MP: 6/8
   514 | D:1      | Learned a level 2 spell: Static Discharge
   965 | D:2      | Reached XP level 3. HP: 16/19 MP: 3/9
  1068 | D:2      | Slain by a ribbon worm

Illustrated notes

Levels and vault maps discovered:
D:1:      saegor_arrival_simple_c, layout_basic
D:2:      minmay_roachtagon, layout_rooms, minmay_surrounded

Skill      XL: |  1  2  3 |
---------------+----------+-----
Dodging        | 3 |  3.1
Stealth        | 3 |  3.2
Conjurations   | 2 |  2.0
Spellcasting   | |  3.6
Air Magic      | |  3.3

Action                     || total
---------------------------++-------
  Melee: Short sword       ||    10
         Punch             ||     1
   Cast: Shock             ||    42
         Static Discharge  ||     8
 Armour: Robe              ||    22
  Dodge: Dodged            ||    11
